TKirby, neutral female human Wizard ----- ---------- |...| |........| |...| ------ #-........| |...| ##-....-# #|...<....| |...| # |....|# #|........| |...| # |....|# #---|------ ##....| # |....|# ######## ---------- # --.-- # -|----# # # --------------- |.......>.##### # # ## # # ### |!%)"%[%!.%?(.-### |.......^| # # # # # # |!)..%?!)+%!!@| # |.`......| # # ### # ############## ## |=/?(%%.[*!)[.| #%#|........| ### # # # # -|--|-- |*?+.(%(?f@m..| #-........| # # ########## # |.....| --------------- |.........## ### # #--------.----# |.....| ---------- ---.-# #............+# |.....| |....# |...........|###..)...| |...| |............# |.{...| |...| |...........| ------- ----- ------------- TKirby the Conjurer Experience level: 3 Strength: 10 Dexterity: 13 Constitution: 16 Intelligence: 17 Wisdom: 10 Charisma: 9 Health: 0(21) Energy: 18(23) Def: 1 Gold: 145 Moves: 1190 Dungeon seed: -3fPbYSwodAFpvd0 Game ID: TKirby_1504885596 Your Inventory: Coins $ - 145 gold pieces Weapons a - a blessed +1 quarterstaff (weapon in hands) m - a cursed -2 orcish spear Armor e - an uncursed +0 cloak of magic resistance (being worn) Comestibles o - an uncursed food ration p - an uncursed tripe ration Scrolls i - an uncursed scroll of enchant weapon j - 2 uncursed scrolls of confuse monster q - a blessed scroll of enchant armor Spellbooks k - a blessed spellbook of force bolt l - an uncursed spellbook of sleep Potions f - an uncursed potion of invisibility g - an uncursed potion of fruit juice h - a blessed potion of speed Rings c - an uncursed ring of cold resistance d - an uncursed ring of conflict s - an uncursed ring of teleport control Wands b - a wand of slow monster (0:7) Tools t - an uncursed tin whistle Spells and supernatural/magical abilities: Name Level Category Fail Memory a - force bolt 1 attack 0% 95% z - sleep 1 enchantment 0% 95% W - pray for help -- divine ? -- Your skills at the end: Fighting Skills Weapon Skills quarterstaff [Basic] Spellcasting Skills attack spells [Basic] enchantment spells [Basic] Final Attributes: You were fervently aligned. You were magic-protected. You were held by a large mimic. You were lucky. You are dead. Vanquished creatures: a small mimic 2 coyotes a kobold a goblin 2 grid bugs 4 lichens 2 kobold zombies 3 newts 16 creatures vanquished. Voluntary challenges: You followed a strict vegan diet. You were an atheist. You used a wielded weapon 25 times, starting on turn 132. You were illiterate. You never genocided any monsters. You never polymorphed an object. You never changed form. You used no wishes. You never split a pudding. You never wrote Elbereth's name. You never violated your personal moral code. Dungeon overview: The Dungeons of Doom: levels 1 to 2 Level 1 a long staircase Level 2 <- You were here a general store, a fountain History has recorded: On T:1 you entered the Dungeons of Doom to retrieve the Amulet of Yendor! On T:621 you reached level 2 of The Dungeons of Doom. On T:689 you advanced to experience level 2. On T:1169 you advanced to experience level 3. Score breakdown: Gold: 145 ( 7362 points) Experience: 3 levels ( 7878 points) Exploration: 2 levels ( 4.44%) ( 4522 points) Discoveries: 1 item ( 0.35%) ( 1767 points) Valuables value: (no points given unless you survive) Artifact value: 0 ( 0 points) Variety of kills: 8 monsters ( 2.10%) ( 4347 points) Turncount: 1190 turns ( 0 points) Survival: died (score multiplied by 80%) Total score: 20700 Latest messages: The large mimic hits! You miss the large mimic. You hit the large mimic. Maple eats a tripe ration. Maple moves only reluctantly. You miss the large mimic. You hit the large mimic. Maple eats a tripe ration. The large mimic hits! You miss the large mimic. Maple eats a tripe ration. You miss the large mimic. (3x) Maple eats a tripe ration. The large mimic hits! You cannot escape from the large mimic! Maple picks up a scroll labeled PRATYAVAYAH. You cannot escape from the large mimic! (2x) The spell hits the large mimic! The large mimic hits! You die... Possogroenoe gratefully inherits all your possessions. Final status: Goodbye TKirby the Wizard, killed by a large mimic... You died in The Dungeons of Doom on dungeon level 2 with 20700 points, and 145 pieces of gold, after 1190 moves. You were level 3 with a maximum of 21 hit points when you died.